 Dungeon Sprint DCSS version 0.19-a0-376-gf780d9b (webtiles) character file.

16200000 namelastname112 the Sabretooth (level 27, -38/149 HPs)
             Began as a Felid Monk on May 30, 2016.
             Was the Champion of Makhleb.
             Annihilated by a meat berserker
             ... wielding a +9 battleaxe
              (55 damage)
             ... in the Dungeon (Sprint VIII: "Arena of Blood").
             The game lasted 00:03:41 (162 turns).

namelastname112 the Sabretooth (Felid Monk)          Turns: 162, Time: 00:03:42

Health: -38/149    AC:  3    Str:  7    XL:     27
Magic:  55/55      EV: 45    Int: 13    God:    Makhleb [******]
Gold:   0          SH:  0    Dex: 30    Spells: 0 memorised, 80 levels left
                                        Lives:  0   Deaths: 8

rFire  . . .     SeeInvis +       - Unarmed
rCold  + . .     Gourm    .     (armour unavailable)
rNeg   . . .     Faith    .     (shield unavailable)
rPois  .         Spirit   .     (helmet unavailable)
rElec  .         Dismiss  .     (cloak unavailable)
rCorr  .         Reflect  .     (gloves unavailable)
SustAt .         Harm     .     (boots unavailable)
MR     ++++.     NoTele   +     (no amulet)
Stlth  ++++++++++               (no ring)
                                h - +27000 ring of slaying

@: quick, incredibly resistant to hostile enchantments, uncannily stealthy
A: no armour, no weapons or thrown items, claws 1, fangs 3, see invisible,
carnivore 3, speed 1, shaggy fur 3, slow metabolism 1, sharp paws
a: Minor Destruction, Lesser Servant of Makhleb, Major Destruction, Greater
Servant of Makhleb, Renounce Religion


You were in the Dungeon.
You worshipped Makhleb.
Makhleb was exalted by your worship.
You were not hungry.

You visited 1 branch

Inventory:

Jewellery
 h - a +27000 ring of slaying (left paw)
Scrolls
 g - a scroll of blinking
Potions
 b - a potion of curing
 c - a potion of heal wounds
 d - a potion of haste
 e - 2 potions of magic
 f - a potion of berserk rage
Comestibles
 a - a meat ration


   Skills:
 O Level 27 Fighting
 O Level 27 Dodging
 O Level 27 Stealth
 O Level 27 Unarmed Combat
 O Level 27 Spellcasting
 O Level 27 Invocations


You had 80 spell levels left.
You didn't know any spells.

Dungeon Overview and Level Annotations

Branches:
Dungeon (1/1)

Altars:
Makhleb


Innate Abilities, Weirdness & Mutations

You cannot wear armour.
You are incapable of wielding weapons or throwing items.
You have sharp claws.
You have razor-sharp teeth.
You have supernaturally acute eyesight. (SInv)
You are carnivorous and can eat meat at any time.
You cover ground quickly.
Your thick and shaggy fur keeps you warm. (AC +3, rC+)
You have a slow metabolism.
Your sharp claws are effective at attacking unaware monsters.


Message History

The bag of meat dies!
The fiery explosion engulfs the observer.
The fiery explosion engulfs the bag of meat.
The bag of meat dies!
The fiery explosion engulfs the destroyer.
The fiery explosion engulfs the scourge.
The fiery explosion engulfs you!
* * * LOW HITPOINT WARNING * * *
The fiery explosion engulfs the large abomination.
The fiery explosion engulfs the crawling corpse.
The crawling corpse is destroyed!
The bag of meat is engulfed in roaring flames.
You hear a shout! x4
You take 132 damage, and have 17/149 hp.
MASSIVE DAMAGE!!
You eviscerate the scourge!!!!!!!!
You kill the scourge!
Makhleb accepts your kill.
The meat berserker hits you with a +9 battleaxe!!!
You die... ..###..).)))Woo#oDxo_#.... .##..%.#.)o.)xo#oWCz)#.z.. #.%....%.#ooooooozoo...o.. .#........ooXo.zWG###2.xM.. ......xo.).Xo###oCCzMoM###% .......V§§§)CzM#WOooMoo#†). ....oG§op.XoS#G†ooo..#.xG ...#VpW§)oO.Ozp)WWoCCox. #o#x#@.%GOVozoxOo.Do..

#p#..OopG.x.Voo..o..#
#o#.#.........oX...##.
.O#.#....%#........#. .
#oO.O..........D.....#...
oW.##.......##.#..........
....
##...........oo.z..... ###
...####....#. #... ...


p You could see an accursed, an eight-headed meat hydra, 3 destroyers, 4
observers, a scourge, 4 fleshlords, 3 sculptors of flesh, a large bag of meat
(inner flame), 3 large abominations, a dread, 5 meat berserkers, 2 small
abominations, 17 bags of meat and a crawling corpse.

Vanquished Creatures
  5 hell knights (D)
  6 hell beasts (D)
  A greater mummy (D)
  4 great orbs of eyes (D)
  2 wraiths (D)
  Harold (D)
  14 vampire knights (D)
  37 ogres (D)
  38 orcs (D)
  3 phantoms (D)
  2 hill giants (D)
  3 skeletal warriors (D)
  A sea snake (D)
  2 large abominations (D)
119 creatures vanquished.

Vanquished Creatures (others)
  An ogre (D)
  16 orcs (D)
  2 hill giants (D)
  A large abomination (D)
  8 crawling corpses (D)
28 creatures vanquished.

Grand Total: 147 creatures vanquished

Notes
Turn   | Place    | Note
--------------------------------------------------------------
     0 | D        | namelastname112 the Felid Monk began the quest for the Orb.
     0 | D        | Reached XP level 1. HP: 10/10 MP: 2/2
     4 | D        | jacquesderrida: heh
     4 | D        | Became a worshipper of Makhleb the Destroyer
     4 | D        | Reached * piety under Makhleb
     4 | D        | Reached ** piety under Makhleb
     5 | D        | Noticed a meat berserker
     7 | D        | Killed a meat berserker
     7 | D        | Reached skill level 15 in Fighting
     7 | D        | Reached XP level 2. HP: 27/27 MP: 3/3
     7 | D        | Reached XP level 3. HP: 30/30 MP: 4/4
     7 | D        | Reached XP level 4. HP: 34/34 MP: 5/5
     7 | D        | Reached XP level 5. HP: 38/38 MP: 6/6
     7 | D        | Gained mutation: You are covered in thick fur. (AC +2) [Felid growth]
     7 | D        | Reached XP level 6. HP: 42/42 MP: 7/7
     7 | D        | Reached XP level 7. HP: 46/46 MP: 8/8
     7 | D        | Reached XP level 8. HP: 50/50 MP: 9/9
     7 | D        | Reached XP level 9. HP: 54/54 MP: 10/10
     7 | D        | Reached XP level 10. HP: 58/58 MP: 11/11
     7 | D        | Reached XP level 11. HP: 62/62 MP: 12/12
     7 | D        | Gained mutation: Your thick and shaggy fur keeps you warm. (AC +3, rC+) [Felid growth]
     7 | D        | Reached XP level 12. HP: 66/66 MP: 13/13
     7 | D        | Reached XP level 13. HP: 70/70 MP: 14/14
     8 | D        | Noticed a bag of meat
     9 | D        | Noticed a meat berserker
     9 | D        | Noticed a bag of meat
     9 | D        | Noticed a bag of meat
    10 | D        | Noticed a bag of meat
    11 | D        | Killed a bag of meat
    12 | D        | Noticed a bag of meat
    12 | D        | Noticed a bag of meat
    12 | D        | Noticed a bag of meat
    14 | D        | Noticed a bag of meat
    15 | D        | Killed a bag of meat
    15 | D        | Reached *** piety under Makhleb
    15 | D        | Reached XP level 14. HP: 78/78 MP: 15/15
    16 | D        | Noticed a bag of meat
    16 | D        | Killed a meat berserker
    16 | D        | Reached skill level 27 in Unarmed Combat
    16 | D        | Reached XP level 15. HP: 87/87 MP: 16/16
    17 | D        | Reached **** piety under Makhleb
    17 | D        | Reached skill level 27 in Dodging
    19 | D        | Noticed a meat berserker
    21 | D        | Noticed a destroyer
    21 | D        | Noticed a meat berserker
    22 | D        | Noticed a meat berserker
    22 | D        | Noticed a large bag of meat
    22 | D        | Reached skill level 27 in Fighting
    22 | D        | Reached XP level 16. HP: 100/100 MP: 17/17
    23 | D        | Noticed a meat berserker
    23 | D        | Noticed a meat berserker
    23 | D        | Killed a meat berserker
    23 | D        | Reached ***** piety under Makhleb
    23 | D        | Reached skill level 27 in Stealth
    24 | D        | Reached skill level 10 in Invocations
    24 | D        | Reached XP level 17. HP: 104/104 MP: 17/31
    25 | D        | Noticed a meat berserker
    25 | D        | Noticed a destroyer
    26 | D        | Noticed a destroyer
    26 | D        | Killed a destroyer
    27 | D        | Noticed a meat berserker
    28 | D        | Noticed a destroyer
    28 | D        | Noticed a destroyer
    28 | D        | Reached XP level 18. HP: 109/109 MP: 17/42
    29 | D        | Noticed a meat berserker
    29 | D        | Killed a meat berserker
    31 | D        | Noticed a large bag of meat
    31 | D        | Killed a meat berserker
    31 | D        | Reached ****** piety under Makhleb
    31 | D        | Reached skill level 27 in Invocations
    31 | D        | Reached XP level 19. HP: 113/113 MP: 18/50
    32 | D        | Killed a meat berserker
    32 | D        | Reached skill level 27 in Spellcasting
    33 | D        | Killed a meat berserker
    34 | D        | Killed a destroyer
    34 | D        | Reached XP level 20. HP: 118/118 MP: 18/52
    35 | D        | Noticed a meat berserker
    35 | D        | Killed a destroyer
    36 | D        | Killed a meat berserker
    36 | D        | Reached XP level 21. HP: 122/122 MP: 18/53
    39 | D        | Noticed a destroyer
    40 | D        | Noticed a destroyer
    40 | D        | Reached XP level 22. HP: 127/127 MP: 19/54
    41 | D        | Noticed a destroyer
    44 | D        | Noticed a destroyer
    44 | D        | Killed a destroyer
    44 | D        | Reached XP level 23. HP: 84/131 MP: 20/55
    45 | D        | Killed a destroyer
    45 | D        | Noticed a destroyer
    47 | D        | Noticed The Servant
    50 | D        | jacquesderrida: BAMBANI
    50 | D        | Reached XP level 24. HP: 136/136 MP: 21/55
    53 | D        | Killed a destroyer
    54 | D        | Noticed a destroyer
    54 | D        | HP: 6/136 [large bag of meat/+9 giant spiked club (121)]
    55 | D        | Killed a destroyer
    56 | D        | Reached XP level 25. HP: 34/140 MP: 22/55
    58 | D        | Noticed a destroyer
    59 | D        | Killed a destroyer
    59 | D        | Slain by a large bag of meat
    60 | D        | Reached XP level 24. HP: -5/136 MP: 22/55
    60 | D        | Noticed an accursed
    61 | D        | Reached XP level 25. HP: 140/140 MP: 55/55
    63 | D        | Noticed a dread
    63 | D        | Noticed a destroyer
    64 | D        | Noticed an accursed
    66 | D        | Killed a destroyer
    67 | D        | Noticed a destroyer
    68 | D        | Reached XP level 26. HP: 14/145 MP: 55/55
    68 | D        | Demolished by a bag of meat
    69 | D        | Reached XP level 25. HP: -15/140 MP: 55/55
    73 | D        | Noticed a meat beast
    77 | D        | Killed a meat beast
    77 | D        | Reached XP level 26. HP: 145/145 MP: 55/55
    82 | D        | Noticed a destroyer
    83 | D        | Noticed an accursed
    84 | D        | Mangled by The Servant
    85 | D        | Reached XP level 25. HP: -6/140 MP: 55/55
    85 | D        | Noticed a dread
    87 | D        | Noticed a meat beast
    87 | D        | Killed a destroyer
    87 | D        | Reached XP level 26. HP: 145/145 MP: 55/55
    88 | D        | Killed an accursed
    93 | D        | Reached XP level 27. HP: 149/149 MP: 55/55
    96 | D        | Noticed an accursed
    98 | D        | Killed a dread
   100 | D        | Noticed a dread
   100 | D        | Killed a meat beast
   105 | D        | Noticed a meat beast
   110 | D        | Killed a destroyer
   111 | D        | Slain by The Servant
   112 | D        | Noticed a meat beast
   112 | D        | Noticed an accursed
   112 | D        | Noticed a dread
   112 | D        | Noticed an accursed
   112 | D        | Noticed an accursed
   112 | D        | Noticed a dread
   113 | D        | Noticed a meat beast
   114 | D        | Killed a dread
   118 | D        | Annihilated by a meat berserker
   119 | D        | Noticed a destroyer
   119 | D        | Noticed a destroyer
   119 | D        | Noticed a dread
   119 | D        | Noticed a meat beast
   123 | D        | Noticed an accursed
   123 | D        | Killed a meat beast
   125 | D        | Killed a destroyer
   125 | D        | Noticed a fleshlord
   126 | D        | Killed a destroyer
   130 | D        | Noticed a fleshlord
   132 | D        | Killed a meat beast
   135 | D        | Killed a meat beast
   136 | D        | Mangled by a bag of meat
   137 | D        | Noticed a fleshlord
   137 | D        | Noticed a fleshlord
   137 | D        | Noticed a fleshlord
   139 | D        | Noticed a fleshlord
   142 | D        | Noticed a fleshlord
   142 | D        | Noticed a fleshlord
   145 | D        | Noticed a dread
   146 | D        | Killed The Servant
   147 | D        | Killed a fleshlord
   149 | D        | Noticed a fleshlord
   149 | D        | Killed a fleshlord
   150 | D        | Noticed a destroyer
   152 | D        | HP: 1/149 [observer/divine providence (10)]
   153 | D        | Engulfed by a cloud of flame
   154 | D        | Noticed a meat beast
   154 | D        | Noticed a dread
   154 | D        | Noticed a destroyer
   154 | D        | Killed a fleshlord
   155 | D        | Killed a fleshlord
   157 | D        | Killed a meat beast
   160 | D        | Killed a destroyer
   160 | D        | Annihilated by a bag of meat
   161 | D        | Killed a fleshlord
   162 | D        | Annihilated by a meat berserker

Vault maps used:
D:        meatsprint

Skill      XL: |  1  2  3  4  5  6  7  8  9 10 11 12 13 14 15 16 17 18 19 |
---------------+----------------------------------------------------------+-----
Fighting       | 15 18 21 27 | 27.0
Dodging        | 19 22 26 27 | 27.0
Stealth        | 7 9 11 20 27 | 27.0
Unarmed Combat | 23 26 27 | 27.0
Spellcasting   | 9 19 26 27 | 27.0
Invocations    | 10 20 27 | 27.0

Action                   |  1- 3 |  4- 6 |  7- 9 | 10-12 | 13-15 | 16-18 | 19-21 | 22-24 | 25-27 || total
-------------------------+-------+-------+-------+-------+-------+-------+-------+-------+-------++-------
Melee: Unarmed           |     1 |       |       |       |     6 |     7 |     9 |    18 |    83 ||   124
 Stab: Distracted        |       |       |       |       |       |       |       |       |     2 ||     2
Armor: Skin              |       |       |       |       |       |       |       |       |     3 ||     3
Dodge: Dodged            |       |       |       |       |     1 |       |     5 |    12 |    62 ||    80
